 Dungeon Crawl Stone Soup version 0.20-a0-939-g04f5055 (webtiles) character file.

469 mopl the Quickloader (level 6, -1/50 HPs)
             Began as a Minotaur Hunter on Mar 30, 2017.
             Slain by an orc priest (4 damage)
             ... on level 4 of the Dungeon.
             The game lasted 00:06:31 (3539 turns).

mopl the Quickloader (Minotaur Hunter)              Turns: 3539, Time: 00:06:32

Health: -1/50      AC: 10    Str: 17    XL:     6   Next: 82%
Magic:  5/5        EV:  7    Int:  8    God:
Gold:   198        SH:  0    Dex: 12    Spells: 5/5 levels left

rFire    . . .     SeeInvis .   x - +0 great mace
rCold    . . .     Gourm    .   (shield currently unavailable)
rNeg     . . .     Faith    .   A - +0 chain mail
rPois    .         Spirit   .   (helmet restricted)
rElec    .         Reflect  .   (no cloak)
rCorr    +         Harm     .   y - +1 pair of gloves
MR       .....                  (no boots)
Stlth    ..........             (no amulet)
Regen    0.2/turn               t - +1 ring of slaying
MPRegen  0.1/turn               C - ring of resist corrosion

@: no status effects
A: retaliatory headbutt, horns 2
a: no special abilities


You were on level 4 of the Dungeon.
You were hungry.

You visited 1 branch of the dungeon, and saw 4 of its levels.

You collected 198 gold pieces.

Inventory:

Hand Weapons
 a - a +1 hand crossbow
 b - a +0 short sword
 k - a +0 whip
 x - a +0 great mace (weapon)
 B - a +0 war axe
Missiles
 d - 34 bolts
 i - 4 javelins (quivered)
 D - 3 tomahawks of returning
Armour
 c - a +0 leather armour
 y - a +1 pair of gloves (worn)
 A - a +0 chain mail (worn)
Jewellery
 t - a +1 ring of slaying (left hand)
 C - a ring of resist corrosion (right hand)
Wands
 p - a wand of flame (22/48)
 u - a wand of digging (13/24)
Scrolls
 e - a scroll of enchant armour
 h - 2 scrolls of blinking {unknown}
 j - 3 scrolls of remove curse
 l - a scroll of amnesia {unknown}
 o - a scroll of recharging {unknown}
 q - a scroll of magic mapping
 s - a scroll of fear {unknown}
 v - a scroll of enchant weapon {unknown}
 z - a scroll of identify {unknown}
Potions
 g - a potion of curing
 r - a potion of haste {unknown}
 w - a potion of flight
 E - 3 potions of mutation {unknown}
Comestibles
 f - a bread ration
 m - 8 chunks of flesh
 n - a royal jelly


   Skills:
 - Level 2.4 Fighting
 + Level 9.1 Crossbows
 - Level 2.1 Dodging
 - Level 0.7 Stealth


You had 5 spell levels left.
You didn't know any spells.

Dungeon Overview and Level Annotations

Branches:
Dungeon (4/15)
 Temple: D:4-7

Altars:
Trog


Innate Abilities, Weirdness & Mutations

You reflexively headbutt those who attack you in melee.
You have a pair of horns on your head.


Message History

Pain shoots through your body!
* * * LOW HITPOINT WARNING * * *
An orc wizard comes into view. It is wielding a dagger.
Items here: )) [ † a club; a leather armour; a short sword; an orc corpse The orc wizard shouts!
The orc wizard mumbles some strange words.
The orc wizard blinks!
You hit the orc priest. Your headbutt misses the orc priest.
The orc priest is moderately wounded.
The orc priest hits you but does no damage.
An orc comes into view. It is wielding an enchanted war axe.
You closely miss the orc priest.
The orc priest is moderately wounded.
The orc shouts!
The orc priest hits you.
* * * LOW HITPOINT WARNING * * *
The orc wizard mumbles some strange words.
The orc wizard blinks!
The orc priest hits you.
You die...

######***,,*,* *,*,*,,,,,,,,,
,,,,.......*,* *,#,*,,,,,,,,,
####...##.#*,* *.#,*,,,,,,,,,
...........,,* *###.#,*,,,,,,,,,
#......##.#*** *....#,*,,,,,,,,,
#......##.# *....#,,,,,,,,**,
......,*#.# *§...#,,,,,,,,**,
#...#####.#######....#..,,,,,,**,
....)...)......)@oo..o..,,,,,,,,,
#.#######.####.##....#..,,,,,,**,
#.#######............#,******,**,
.......#######.##...##,* *,,,,,,,
÷......# #.#*...#*,* *,,,,,,,
.......# #.#*...#*,***,,,,,,,
.......# #.#*####,,,,,,,,,,,,
.......# #.# *,,,,,,,,,,,,
##############********,,,,,,,,,,,


You could see an orc priest, an orc wizard and an orc.

Vanquished Creatures
  Edmund (D:3)
  A gnoll shaman (D:3)
  4 orc wizards
  A worker ant (D:4)
  A hound skeleton (D:4)
  Robin (D:2)
  2 gnolls
  3 adders
  An adder skeleton (D:4)
  2 worms
  A dart slug (D:3)
  3 leopard geckos
  13 orcs
  2 giant cockroaches
  11 goblins
  11 hobgoblins
  7 jackals
  3 quokkas
  A ball python (D:1)
  7 bats
  6 frilled lizards
  3 kobolds
  A quokka skeleton (D:4)
  7 rats
93 creatures vanquished.

Notes
Turn   | Place    | Note
-------+----------+-------------------------------------------
     0 | D:1      | mopl the Minotaur Hunter began the quest for the Orb.
     0 | D:1      | Reached XP level 1. HP: 18/18 MP: 0/0
   176 | D:1      | Reached XP level 2. HP: 12/25 MP: 1/1
   348 | D:1      | Reached skill level 5 in Crossbows
   776 | D:1      | Reached XP level 3. HP: 30/30 MP: 2/2
  1278 | D:2      | Noticed Robin
  1314 | D:1      | Reached skill level 6 in Crossbows
  1566 | D:2      | Killed Robin
  1566 | D:2      | Reached XP level 4. HP: 18/37 MP: 3/3
  2458 | D:2      | Reached skill level 7 in Crossbows
  2458 | D:2      | Reached XP level 5. HP: 31/42 MP: 4/4
  2944 | D:3      | Found a bloodstained altar of Trog.
  3318 | D:4      | Reached skill level 8 in Crossbows
  3318 | D:4      | Reached XP level 6. HP: 29/50 MP: 5/5
  3335 | D:4      | Noticed Edmund
  3374 | D:3      | Killed Edmund
  3515 | D:4      | Reached skill level 9 in Crossbows
  3539 | D:4      | Slain by an orc priest

Vault maps used:
D:1:      doesnt_arrival_goblin_jail
D:2:      minmay_pentomino_u2, uniq_robin
D:3:      bloody_trog
D:4:      portal_sewer_entry_e, hangedman_minor_gate_pass, uniq_grinder,
          uniq_edmund, uniq_iyjb

Skill      XL: |  1  2  3  4  5  6 |
---------------+-------------------+-----
Crossbows      | 5 6 7 8 9 |  9.1
Fighting       | |  2.4
Dodging        | |  2.1
Stealth        | |  0.7

Action                   |  1- 3 |  4- 6 || total
-------------------------+-------+-------++-------
Melee: Short sword       |    36 |       ||    36
       Whip              |    82 |   134 ||   216
       Headbutt          |    15 |    36 ||    51
       Great mace        |       |    48 ||    48
  Use: Potion            |       |     5 ||     5
       Scroll            |       |     3 ||     3
  Eat: Chunk             |     2 |     6 ||     8
Armor: Leather armour    |    33 |     4 ||    37
       Chain mail        |       |   124 ||   124
Dodge: Dodged            |   107 |    94 ||   201
